 Seeded DCSS version 0.27.1-34-g3ba077fa99 (webtiles) character file.

Game seed: 13309549622081739099 (custom seed)

6815 hikkokomori the Carver (level 10, 0/94 HPs)
             Began as a Minotaur Berserker on Feb 2, 2022.
             Was an Elder of Trog.
             Killed from afar by an electric eel (10 damage)
             ... with a bolt of electricity
             ... on level 9 of the Dungeon.
             The game lasted 00:19:30 (8769 turns).

hikkokomori the Carver (Minotaur Berserker)         Turns: 8769, Time: 00:19:31

Health: 0/94       AC: 15    Str: 30    XL:     10   Next: 77%
Magic:  9/9        EV: 10    Int:  4    God:    Trog [****..]
Gold:   363        SH:  0    Dex: 11    Spells: 9/9 levels left

rFire    . . .     SeeInvis .   A - +8 autumn katana {vorpal, Clar}
rCold    . . .     Faith    .   (no shield)
rNeg     . . .     Spirit   .   x - +0 plate armour
rPois    .         Reflect  .   (helmet restricted)
rElec    .         Harm     .   (no cloak)
rCorr    .         Rampage  .   J - +0 pair of gloves
Will     +....     Clarity  +   B - +0 pair of boots
Stlth    ..........             (no amulet)
HPRegen  0.25/turn              k - +6 ring of strength
MPRegen  0.11/turn              o - ring of willpower

@: no status effects
A: horns 2, retaliatory headbutt
a: Renounce Religion, Berserk, Trog's Hand, Brothers in Arms


You were on level 9 of the Dungeon.
You worshipped Trog.
Trog was greatly pleased with you.
You visited 1 branch of the dungeon, and saw 9 of its levels.

You collected 489 gold pieces.
You spent 126 gold pieces at shops.

Inventory:

Hand Weapons
 a - a +0 falchion
 h - a +0 rapier
 A - the +8 autumn katana (weapon) {vorpal, Clar}
   (You found it on level 5 of the Dungeon)

   It inflicts extra damage upon your enemies.
   Clar:      It protects you against confusion.
Missiles
 D - 2 throwing nets (quivered)
Armour
 b - a +0 animal skin
 j - a +0 ring mail
 w - a +0 chain mail
 x - a +0 plate armour (worn)
 B - a +0 pair of boots (worn)
 J - a +0 pair of gloves (worn)
Jewellery
 i - an amulet of magic regeneration
 k - a +6 ring of strength (left hand)
 o - a ring of willpower (right hand)
Wands
 m - a wand of flame (28)
 E - a wand of iceblast (3)
 H - a wand of acid (10)
 K - a wand of paralysis (9)
Scrolls
 c - 3 scrolls of magic mapping
 e - 5 scrolls of amnesia
 f - a scroll of identify
 q - a scroll of holy word {unknown}
 s - a scroll of brand weapon {unknown}
 y - a scroll of enchant weapon {unknown}
 C - a scroll of fog
 F - a scroll of teleportation
 G - a scroll of enchant armour {unknown}
Potions
 d - 3 potions of berserk rage
 l - 2 potions of brilliance
 n - 2 potions of ambrosia
 p - 3 potions of attraction
 r - a potion of haste
 t - a potion of degeneration
 u - 2 potions of curing
 v - a potion of invisibility {unknown}
 z - a potion of might {unknown}
 I - 2 potions of magic
 L - a potion of flight {unknown}


   Skills:
 + Level 10.8 Fighting
 - Level 12.0 Long Blades
 + Level 6.7 Armour
 + Level 8.1 Dodging
 + Level 4.4 Stealth
 - Level 0.6 Evocations


You had 9 spell levels left.
You didn't know any spells.
Your spell library contained the following spells:

 Spells                   Type           Power      Damage    Failure   Level
 Blink                    Tloc           N/A        N/A       100%        2
 Manifold Assault         Tloc           0%         N/A       100%        5
 Storm Form               Tmut/Air       0%         N/A       100%        7


Dungeon Overview and Level Annotations

Branches:
Dungeon (9/15)             Temple (0/1) D:7
   Lair: D:8-11         Orc: D:9-12

Altars:
Makhleb
Xom
Yredelemnul

Shops:
D:1 !   D:4 !

Portals:
Abyss: D:5

Annotations:
D:5 2 transporters, cbfl8's ghost, novice MiDe
D:8 2 runed translucent doors, exclusion: orange crystal statue


Innate Abilities, Weirdness & Mutations

You have a pair of horns on your head.
You reflexively headbutt those who attack you in melee.


Message History

The electric eel shoots out a bolt of lightning at you!
The bolt of electricity hits you!
* * * LOW HITPOINT WARNING * * *
The centaur shoots an arrow.
The arrow misses you.
An electric eel comes into view.
The electric eel shoots out a bolt of lightning at you!
The bolt of electricity hits you!
* * * LOW HITPOINT WARNING * * *
Unknown command.
You feel much better.
The electric eel shoots out a bolt of lightning at you!
The bolt of electricity hits you!
* * * LOW HITPOINT WARNING * * *
Unknown command.
The centaur shoots an arrow.
The arrow hits you!
* * * LOW HITPOINT WARNING * * *
The electric eel shoots out a bolt of lightning at you!
The bolt of electricity hits you!
* * * LOW HITPOINT WARNING * * *
The electric eel shoots out a bolt of lightning at you!
The bolt of electricity hits you but does no damage.
You feel much better.
The centaur shoots an arrow.
The arrow hits you!
The centaur shoots an arrow.
The arrow barely misses you.
The electric eel shoots out a bolt of lightning at you!
The bolt of electricity hits you!
* * * LOW HITPOINT WARNING * * *
Unknown command.
The centaur shoots an arrow.
The arrow closely misses you.
You hear a shout!
The electric eel shoots out a bolt of lightning at you!
The bolt of electricity hits you!
* * * LOW HITPOINT WARNING * * *
The electric eel shoots out a bolt of lightning at you!
The bolt of electricity hits you.
* * * LOW HITPOINT WARNING * * *
Unknown command.
The centaur shoots an arrow.
The arrow barely misses you.
The electric eel shoots out a bolt of lightning at you!
The bolt of electricity hits you!
You die...

≈≈≈):≈........§§§§§≈≈≈≈≈
.....≈.≈≈≈≈§≈≈§§§§§≈≈≈≈≈
≈≈≈≈)....≈..§§§§§§§≈≈≈≈≈
≈≈≈≈≈.≈≈.≈§§≈≈§§§§§≈≈≈≈≈
≈≈≈≈≈.≈≈.≈..§≈§c§;;≈≈≈≈≈
≈≈≈≈≈..≈.[..≈≈≈§§§§≈≈≈≈≈
######.#.#.)####.#######
#[#[#..# #.# #.#.#..#
#@# ######.#.#..####.#
#..÷..............
#.#####..#..#######
#.#####.......#
†...........#.#
#...........# #
#...........#
#.............#


You could see a centaur and an electric eel.

Vanquished Creatures
  A two-headed ogre (D:9)
  4 slime creatures (D:8)
  A vampire (D:9)
  2 wyverns
  12 yaks
  An acid dragon (D:7)
  A water moccasin (D:6)
  3 ice beasts (D:8)
  An orc warrior (D:9)
  A necrophage (D:5)
  3 centaurs
  2 ogres (D:5)
  3 phantoms
  A bullfrog (D:6)
  2 gnoll sergeants
  3 scorpions (D:5)
  A water moccasin zombie (D:5)
  10 killer bees
  2 water moccasin skeletons
  3 electric eels
  2 centaur zombies
  A bullfrog zombie (D:5)
  3 hounds
  4 jellies
  5 orc priests
  A gnoll shaman (D:7)
  2 iguanas
  2 orc wizards
  A centaur simulacrum (D:8)
  2 hound skeletons
  17 gnolls
  2 adders (D:6)
  A shadow imp (D:7)
  2 ufetubi
  3 worms
  4 dart slugs
  22 orcs
  An endoplasm (D:1)
  4 giant cockroaches
  5 goblins
  9 hobgoblins
  4 jackals (D:1)
  A quokka (D:4)
  3 ball pythons
  A bat (D:1)
  3 frilled lizards
  5 kobolds
  4 rats
171 creatures vanquished.

Vanquished Creatures (others)
  A white imp (D:8)
1 creature vanquished.

Grand Total: 172 creatures vanquished

Notes
Turn   | Place    | Note
-------+----------+-------------------------------------------
     0 | D:1      | hikkokomori the Minotaur Berserker began the quest for the
                  | Orb.
     0 | D:1      | Reached XP level 1. HP: 19/19 MP: 0/0
   171 | D:1      | Reached XP level 2. HP: 23/27 MP: 1/1
   523 | D:1      | Reached skill level 4 in Long Blades
   613 | D:1      | Found Refoemez's Distillery.
  1226 | D:2      | Found a shimmering altar of Xom.
  1289 | D:2      | Reached XP level 3. HP: 34/34 MP: 2/2
  1682 | D:3      | Found a faded altar of an unknown god.
  2066 | D:3      | Reached skill level 5 in Fighting
  2066 | D:3      | Reached XP level 4. HP: 42/42 MP: 3/3
  2563 | D:4      | Reached ** piety under Trog
  2775 | D:4      | Found Kanupt's Distillery.
  2792 | D:4      | Reached XP level 5. HP: 35/48 MP: 4/4
  3298 | D:4      | Reached skill level 5 in Long Blades
  3488 | D:4      | Noticed a phantom
  3497 | D:4      | Killed a phantom
  3498 | D:4      | Reached XP level 6. HP: 58/58 MP: 5/5
  3607 | D:4      | Bought a potion of heal wounds for 70 gold pieces
  3607 | D:4      | Bought a potion of degeneration for 14 gold pieces
  3607 | D:4      | Bought a potion of curing for 42 gold pieces
  3636 | D:5      | Entered Level 5 of the Dungeon
  3767 | D:5      | Noticed cbfl8's ghost (novice MiDe)
  3792 | D:5      | Found a one-way gate to the infinite horrors of the Abyss.
  3792 | D:5      | Noticed a toenail golem
  3882 | D:5      | Reached XP level 7. HP: 61/66 MP: 6/6
  3983 | D:5      | Found a transporter.
  3986 | D:5      | Noticed a small abomination
  4010 | D:5      | Found a transporter.
  4051 | D:5      | Reached skill level 6 in Long Blades
  4097 | D:5      | Reached skill level 5 in Dodging
  4282 | D:5      | Noticed a yak
  4282 | D:5      | Noticed a wyvern
  4292 | D:5      | Killed a wyvern
  4299 | D:5      | Killed a yak
  4300 | D:5      | Reached XP level 8. HP: 77/77 MP: 7/7
  4344 | D:5      | Reached skill level 7 in Long Blades
  4727 | D:5      | Found the +8 autumn katana {vorpal, Clar}
  4874 | D:6      | Reached skill level 8 in Long Blades
  5087 | D:6      | Reached *** piety under Trog
  5088 | D:6      | Reached skill level 9 in Long Blades
  5660 | D:7      | Reached skill level 10 in Long Blades
  5663 | D:7      | Reached XP level 9. HP: 82/83 MP: 8/8
  6151 | D:7      | Reached skill level 11 in Long Blades
  6405 | D:7      | Found a burning altar of Makhleb.
  6519 | D:7      | Found a staircase to the Ecumenical Temple.
  6949 | D:8      | Reached skill level 12 in Long Blades
  6970 | D:8      | Reached **** piety under Trog
  6971 | D:8      | Reached skill level 1 in Stealth
  7102 | D:8      | Found a runed translucent door.
  7108 | D:8      | Found the +10 tower shield of Ignorance {rN+ Int-4}
  7184 | D:8      | Reached XP level 10. HP: 59/93 MP: 9/9
  7199 | D:8      | Found a runed translucent door.
  7201 | D:8      | Noticed an orange crystal statue
  7562 | D:8      | Reached skill level 10 in Fighting
  7562 | D:8      | Reached skill level 5 in Armour
  8114 | D:8      | Found a basalt altar of Yredelemnul.
  8218 | D:9      | Noticed a two-headed ogre
  8457 | D:9      | Killed a two-headed ogre
  8769 | D:9      | Killed from afar by an electric eel

Illustrated notes

Levels and vault maps discovered:
D:1:      mrwooster_arrival_statue, layout_basic, serial_shops, shop,
          serial_rivers, chequers_serial_rivers_micro_b,
          chequers_serial_rivers_micro_c, chequers_serial_rivers_room_a,
          chequers_serial_rivers_micro_c, chequers_serial_rivers_small_b,
          chequers_serial_rivers_small_b
D:2:      layout_rooms, basic_altar
D:3:      layout_basic, basic_ecumenical_altar
D:4:      layout_gridville, serial_shops, nicolae_shop_trees
D:5:      layout_cave_pods, gammafunk_ghost_abyssal_escape,
          minmay_divided_ellipse
D:6:      layout_loops_ring
D:7:      layout_loops_ring, mainiacjoe_overflow_surrounded_room,
          minmay_temple_entry_offerings
D:8:      layout_loops_ring, mainiacjoe_overflow_alcove_1, serial_ice,
          serial_ice_g, serial_ice_k, serial_ice_h, serial_ice_a, serial_ice_b,
          serial_ice_o, chequers_guarded_unrand_ignorance
D:9:      layout_basic, mainiacjoe_overflow_alcove_3, erik_lair_dragon

Skill      XL: |  1  2  3  4  5  6  7  8  9 10 |
---------------+-------------------------------+-----
Fighting       | 4 5 6 7 8 9 10 | 10.8
Long Blades    | 4 5 6 10 12 | 12.0
Dodging        | 3 4 5 6 8 |  8.1
Armour         | 4 6 |  6.7
Stealth        | 2 4 |  4.4
Evocations     | |  0.6

Action                   |  1- 3 |  4- 6 |  7- 9 | 10-12 || total
-------------------------+-------+-------+-------+-------++-------
Melee: Falchion          |    62 |    70 |    41 |       ||   173
       Headbutt          |    14 |    19 |    33 |    13 ||    79
       Katana            |       |       |   116 |    63 ||   179
Invok: Berserk           |       |     2 |     2 |     3 ||     7
  Use: Scroll            |       |     1 |     7 |     1 ||     9
       Potion            |       |       |       |     3 ||     3
Armor: Animal skin       |     5 |       |       |       ||     5
       Ring mail         |     8 |    14 |       |       ||    22
       Chain mail        |       |     5 |       |       ||     5
       Plate armour      |       |     4 |    64 |    21 ||    89
Dodge: Dodged            |    38 |    47 |    54 |    30 ||   169
       Rpst.: Falchion   |    10 |    11 |     6 |       ||    27
       Katana            |       |       |    10 |    10 ||    20
